AoeStats
← paulo.monteiro986

Arena

507396360Analyzed
1v1 RM · 15d ago on Sep 18, 2026· 52m 18s· 2 players
Game mode
Random Map
Map size
Tiny (2 player)
Population
200
Speed
Normal
Resources
Standard
Victory
Conquest
Starting age
Dark Age
Ending age
Imperial Age
RankedLock teamsTeams togetherTeam positionsShared explorationLock speedFull tech treeHidden civsTurbo modeCheats
Victory
Defeat
🇨🇱 Mongols · Chile
949
+14
🇧🇷 Lithuanians · Brazil
898
-14
paulo.monteiro986
10:34 Feudal Age
11:55 Double-Bit Axe
16:57 Castle Age
15:43 Horse Collar
17:29 Forging
20:45 Heavy Plow
24:35 Husbandry
25:10 Scale Barding Armor
25:41 Iron Casting
27:28 Bow Saw
27:18 Gold Mining
28:14 Stone Mining
30:01 Chain Barding Armor
30:20 Wheelbarrow
29:54 Loom
30:47 Stone Shaft Mining
34:01 Imperial Age
31:14 Elite Skirmisher
34:58 Hand Cart
34:30 Cavalier
36:21 Two-Man Saw
36:54 Paladin
38:38 Bloodlines
44:26 Pikeman
45:08 Squires
45:47 Plate Barding Armor
Magocuro
7:43 Loom
10:35 Feudal Age
14:54 Castle Age
12:57 Double-Bit Axe
13:18 Horse Collar
14:13 Stone Mining
14:31 Gold Mining
20:24 Gold Shaft Mining
22:44 Bow Saw
25:10 Fletching
26:37 Heavy Plow
28:21 Ballistics
29:32 Wheelbarrow
28:45 Town Watch
29:57 Forging
33:49 Imperial Age
32:30 Iron Casting
32:52 Husbandry
33:04 Bloodlines
33:02 Scale Barding Armor
33:56 Gold Shaft Mining
33:36 Bodkin Arrow
34:19 Hand Cart
34:09 Capped Ram
34:20 Heavy Camel Rider
37:28 Chain Barding Armor
37:55 Conscription
38:02 Conscription
38:47 Blast Furnace
39:00 Stone Shaft Mining
39:30 Chemistry
39:17 Drill
39:05 Nomads
39:37 Siege Ram
44:49 Siege Engineers
44:55 Masonry
46:13 Fortified Wall
46:00 Murder Holes
46:16 Town Patrol
47:13 Hoardings
Connection lost

Rejoining the realm…

Still unreachable

The connection could not be restored.

Session expired

The server has moved on; the page needs a fresh start.